 Dungeon Crawl Stone Soup version 0.22-a0-305-gd21a89c538 (webtiles) character file.

4223 Oravi the Transmogrifier (level 10, -2/70 HPs)
             Began as a Merfolk Transmuter on Apr 1, 2018.
             Was a Follower of Qazlal.
             Slain by a two-headed ogre
             ... wielding a +0 giant spiked club
              (27 damage)
             ... on level 8 of the Dungeon.
             The game lasted 00:49:09 (9823 turns).

Oravi the Transmogrifier (Merfolk Transmuter)       Turns: 9823, Time: 00:49:13

Health: -2/70      AC:  2    Str: 12    XL:     10   Next: 30%
Magic:  14/18      EV: 21    Int: 15    God:    Qazlal [*.....]
Gold:   364        SH:  1    Dex: 23    Spells: 10/20 levels left

rFire    . . .     SeeInvis .     - Unarmed
rCold    . . .     Gourm    .   (shield currently unavailable)
rNeg     . . .     Faith    .   (armour currently unavailable)
rPois    x         Spirit   .   (helmet currently unavailable)
rElec    .         Reflect  .   (cloak currently unavailable)
rCorr    +         Harm     .   (gloves currently unavailable)
MR       .....                  (boots currently unavailable)
Stlth    ++........             n - amulet of the acrobat
HPRegen  0.21/turn              c - +4 ring of dexterity
MPRegen  0.16/turn              j - ring of resist corrosion

@: spider-form
A: tiny, (change form in water), (swift swim), (stealthy swim)
a: End Transformation, Renounce Religion


You were on level 8 of the Dungeon.
You worshipped Qazlal.
Qazlal was aware of your devotion.
You were not hungry.
You were a venomous arachnid creature.
You visited 1 branch of the dungeon, and saw 8 of its levels.
You also visited: Sewer.

You collected 364 gold pieces.

Inventory:

Hand Weapons
 C - a +0 trident
Missiles
 a - 93 arrows
Armour
 b - a +1 robe (melded)
Jewellery
 c - a +4 ring of dexterity (left front leg)
 j - a ring of resist corrosion (right front leg)
 n - an amulet of the acrobat (around neck)
 w - an uncursed ring of ice
 y - an uncursed ring of magical power {unknown}
 D - a cursed ring of teleportation {unknown}
Wands
 r - a wand of iceblast (2)
 v - a wand of digging (9)
 E - a wand of polymorph (17)
Scrolls
 e - 2 scrolls of enchant armour
 f - 3 scrolls of enchant weapon
 g - a scroll of random uselessness
 l - 2 scrolls of teleportation
 p - 7 scrolls of identify
 q - a scroll of amnesia
 t - a scroll of magic mapping {unknown}
 x - 2 scrolls of remove curse
Potions
 h - 2 potions of magic
 i - a potion of haste
 k - a potion of agility
 m - a potion of degeneration {unknown}
 o - a potion of lignification {unknown}
 s - 2 potions of mutation {unknown}
 u - 5 potions of flight {unknown}
 z - a potion of resistance {unknown}
 B - a potion of brilliance {unknown}
Comestibles
 d - 14 rations
 F - 2 chunks of flesh


   Skills:
 + Level 3.2 Fighting
 - Level 3.0 Dodging
 + Level 9.0 Unarmed Combat
 + Level 5.8 Spellcasting
 * Level 10.9 Transmutations
 * Level 2.3 Ice Magic
 * Level 6.5 Poison Magic


You had 10 spell levels left.
You knew the following spells:

 Your Spells              Type           Power        Failure   Level  Hunger
a - Beastly Appendage     Tmut           #####.       1%          1    None
b - Sticks to Snakes      Tmut           #####...     2%          2    #......
c - Spider Form           Tmut/Pois      ####......   6%          3    ###....
d - Ice Form              Ice/Tmut       ###.....     24%         4    ####...


Dungeon Overview and Level Annotations

Branches:
Dungeon (8/15)
 Temple: D:4-7         Lair: D:8-11

Altars:
Ashenzari
Dithmenos
Kikubaaqudgha
Qazlal
Yredelemnul
The Shining One

Shops:
D:5 !

Annotations:
D:3 thing2's ghost, amateur OgMo
D:8 Prince Ribbit


Message History

You feel better.
Your adder barely misses the two-headed ogre.
Your ball python bites the two-headed ogre.
Your ball python barely misses the two-headed ogre.
Your adder bites the two-headed ogre.
The two-headed ogre closely misses you. The two-headed ogre barely misses you.
You hit the two-headed ogre.
The two-headed ogre is moderately wounded.
Your ball python bites the two-headed ogre.
Your adder is engulfed in freezing vapours.
Your adder bites the two-headed ogre.
The two-headed ogre looks even sicker.
Your adder poisons the two-headed ogre!
Your ball python closely misses the two-headed ogre.
You hit the two-headed ogre.
The two-headed ogre looks as sick as possible!
The two-headed ogre is heavily wounded.
Your adder is engulfed in freezing vapours.
You kill your adder!
The two-headed ogre hits you with a giant spiked club!!
You die...

#.# #.# #.# ##..
##.#
######..####..#
#.......##...##
#..$....##?###
#.......##.#
#.......#..#
###^...s§S#)#####.>
......§§OS........)
###.........####.#.
#....<..###
#.......#
.......>..#
######..### #....
...##.


You could see a two-headed ogre and 2 friendly ball pythons.

Vanquished Creatures
  A two-headed ogre (D:7)
  The ghost of Stone the Thrower, a novice FoHu of Cheibriados (D:6)
  A wraith (D:7)
  A wyvern (D:8)
  Menkaure (D:5)
  2 ice beasts
  A sky beast (D:5)
  4 ogres
  A crocodile (D:8)
  2 centaurs
  A big kobold (Sewer)
  A bullfrog (D:7)
  A water moccasin skeleton (D:7)
  4 killer bees (D:7)
  7 scorpions
  5 wights (D:7)
  A crimson imp (D:6)
  2 howler monkeys
  A bullfrog zombie (D:7)
  2 hounds
  2 jellies
  A bullfrog skeleton (D:6)
  Jessica (D:3)
  4 iguanas (D:7)
  Terence (D:3)
  4 worker ants
  2 worker ant zombies (D:7)
  7 gnolls
  10 adders
  A howler monkey skeleton (D:8)
  4 river rats
  4 shadow imps
  6 worms
  2 adder skeletons
  3 leopard geckos
  2 orcs
  4 ball pythons
  9 bats
  3 giant cockroaches
  9 goblins
  8 hobgoblins
  8 jackals
  2 quokkas
  A frilled lizard (D:5)
  12 kobolds
  A quokka zombie (D:7)
  13 rats
164 creatures vanquished.

Vanquished Creatures (collateral kills)
  Edmund (D:5)
1 creature vanquished.

Grand Total: 165 creatures vanquished

Notes
Turn   | Place    | Note
-------+----------+-------------------------------------------
     0 | D:1      | Oravi the Merfolk Transmuter began the quest for the Orb.
     0 | D:1      | Reached XP level 1. HP: 15/15 MP: 3/3
   219 | D:1      | Reached XP level 2. HP: 20/21 MP: 5/5
   239 | D:1      | Reached skill level 3 in Transmutations
   832 | D:1      | Reached XP level 3. HP: 26/26 MP: 4/6
   836 | D:1      | Learned a level 2 spell: Sticks to Snakes
   840 | D:1      | Learned a level 3 spell: Spider Form
  1961 | D:2      | Reached skill level 1 in Poison Magic
  1961 | D:2      | Reached XP level 4. HP: 23/32 MP: 4/7
  1967 | D:2      | Reached skill level 4 in Transmutations
  2907 | D:3      | Reached XP level 5. HP: 37/37 MP: 7/9
  2985 | D:3      | Noticed Terence
  3014 | D:3      | Killed Terence
  3273 | D:3      | Found a basalt altar of Yredelemnul.
  3304 | D:3      | Noticed Jessica
  3321 | D:3      | Killed Jessica
  3321 | D:3      | Reached skill level 5 in Transmutations
  3434 | D:3      | Noticed thing2's ghost (amateur OgMo)
  3689 | D:4      | Found a shadowy altar of Dithmenos.
  3812 | D:4      | Reached XP level 6. HP: 44/44 MP: 6/10
  4076 | D:4      | Reached skill level 6 in Transmutations
  4179 | D:4      | Found a glowing drain.
  4244 | Sewer    | Entered a sewer
  4362 | Sewer    | Reached XP level 7. HP: 33/50 MP: 10/12
  4579 | Sewer    | Found a white marble altar of Elyvilon.
  4718 | D:4      | Reached skill level 7 in Transmutations
  4806 | D:4      | Found a shattered altar of Ashenzari.
  5165 | D:5      | Entered Level 5 of the Dungeon
  5165 | D:5      | Noticed Edmund
  5303 | D:5      | Noticed Menkaure
  5314 | D:5      | Killed Menkaure
  6070 | D:5      | Found a glowing golden altar of the Shining One.
  6094 | D:5      | Reached skill level 8 in Transmutations
  6094 | D:5      | Reached XP level 8. HP: 30/57 MP: 11/14
  6506 | D:5      | Found Zoidghy's Distillery.
  6797 | D:5      | Killed Edmund
  7004 | D:6      | Reached skill level 5 in Unarmed Combat
  7033 | D:6      | Noticed Stone's ghost (novice FoHu)
  7244 | D:6      | Killed Stone's ghost
  7244 | D:6      | Reached skill level 5 in Spellcasting
  7244 | D:6      | Reached skill level 9 in Transmutations
  7518 | D:6      | Reached XP level 9. HP: 62/62 MP: 12/16
  7686 | D:6      | Found a stormy altar of Qazlal.
  7691 | D:6      | Became a worshipper of Qazlal Stormbringer
  8046 | D:7      | Noticed a death knight
  8046 | D:7      | Noticed a freezing wraith
  8141 | D:7      | Reached skill level 5 in Poison Magic
  8293 | D:7      | Reached skill level 10 in Transmutations
  8327 | D:7      | Learned a level 4 spell: Ice Form
  8995 | D:7      | Reached * piety under Qazlal
  9009 | D:7      | Found an ancient bone altar of Kikubaaqudgha.
  9053 | D:7      | Noticed a two-headed ogre
  9070 | D:7      | Killed a two-headed ogre
  9070 | D:7      | Reached skill level 1 in Ice Magic
  9070 | D:7      | Reached XP level 10. HP: 38/70 MP: 14/18
  9667 | D:8      | Noticed Prince Ribbit
  9806 | D:8      | Noticed a two-headed ogre
  9823 | D:8      | Slain by a two-headed ogre

Vault maps used:
D:1:      minmay_arrival_checkered_box
D:2:      wad_pebble_path
D:3:      marbit_many_paths, uniq_jessica, uniq_terence
D:4:      lemuel_coloured_pillars_altar, kennysheep_mini_moat,
          lightli_sewer_entry_pipes, first_ration, bh_chokoban
D:5:      lemuel_doored_altar, serial_shops, shop, uniq_edmund, uniq_menkaure
D:6:      kennysheep_little_box
D:7:      kennysheep_mini, minmay_temple_entry_statues_fountains,
          grunt_ogre_cave
D:8:      uniq_pikel, uniq_erica, uniq_prince_ribbit1
Sewer:    sewer_kobolds

Skill      XL: |  1  2  3  4  5  6  7  8  9 10 |
---------------+-------------------------------+-----
Transmutations | 3 4 5 6 8 9 10 | 10.9
Dodging        | 3 |  3.0
Unarmed Combat | 4 5 8 9 |  9.0
Poison Magic   | 1 2 3 4 6 |  6.5
Spellcasting   | 3 4 5 |  5.8
Fighting       | 2 3 |  3.2
Ice Magic      | 1 2 |  2.3

Action                   |  1- 3 |  4- 6 |  7- 9 | 10-12 || total
-------------------------+-------+-------+-------+-------++-------
Melee: Unarmed           |   152 |   174 |   298 |    38 ||   662
       Headbutt          |    15 |    11 |     3 |       ||    29
       Punch             |     1 |       |       |       ||     1
       Tailslap          |       |     4 |       |       ||     4
 Cast: Beastly Appendage |    20 |    10 |     5 |       ||    35
       Spider Form       |     1 |    14 |    33 |     4 ||    52
       Sticks to Snakes  |       |       |    11 |     5 ||    16
  Use: Potion            |     2 |       |     6 |     1 ||     9
       Scroll            |       |     9 |     2 |     1 ||    12
 Stab: Sleeping          |       |     3 |     1 |       ||     4
       Distracted        |       |       |     2 |       ||     2
  Eat: Chunk             |     4 |    10 |     4 |     3 ||    21
       Ration            |       |       |     4 |       ||     4
Armor: Robe              |    29 |     8 |     6 |       ||    43
       Skin              |     1 |     3 |     4 |       ||     8
Dodge: Dodged            |   128 |   150 |   232 |    31 ||   541

Table legend:
 A = Spawn XP
 B = Non-spawn XP
 C = Spawn XP percentage of total XP
 D = Spawn monster count
 E = Non-spawn monster count
 F = Spawn count percentage of total count
 G = Total turns spent on level
                    A         B        C        D         E        F      G
               +---------+---------+-------+---------+---------+-------+---------
         Total |       0 |    6034 |   0.0 |       0 |     165 |   0.0 |  9823
               +---------+---------+-------+---------+---------+-------+---------
           D:1 |       0 |      55 |   0.0 |       0 |      33 |   0.0 |  1626
           D:2 |       0 |     108 |   0.0 |       0 |      19 |   0.0 |  1256
           D:3 |       0 |     103 |   0.0 |       0 |      12 |   0.0 |   735
           D:4 |       0 |     428 |   0.0 |       0 |      24 |   0.0 |  1218
           D:5 |       0 |     716 |   0.0 |       0 |      14 |   0.0 |  1878
           D:6 |       0 |    1072 |   0.0 |       0 |      10 |   0.0 |  1252
           D:7 |       0 |    2852 |   0.0 |       0 |      34 |   0.0 |  1278
           D:8 |       0 |     574 |   0.0 |       0 |       7 |   0.0 |   207
         Sewer |       0 |     126 |   0.0 |       0 |      12 |   0.0 |   373
               +---------+---------+-------+---------+---------+-------+---------
